 Dungeon Crawl Stone Soup version 0.28.0-43-g3370ac3207 (webtiles) character file.

Game seed: 15048348312017646928

28 H0rd4k the Magician (level 3, -2/19 HPs)
             Began as a Deep Elf Hedge Wizard on Mar 28, 2022.
             Killed by divine providence
             ... invoked by an orc priest
              (12 damage)
             ... on level 2 of the Dungeon.
             The game lasted 00:01:07 (960 turns).

H0rd4k the Magician (Deep Elf Hedge Wizard)          Turns: 960, Time: 00:01:08

Health: -2/19      AC:  2    Str:  7    XL:     3   Next: 0%
Magic:  8/11       EV: 12    Int: 26    God:
Gold:   11         SH:  0    Dex: 14    Spells: 3/12 levels left

rFire   . . .      SeeInvis .   a - +0 dagger
rCold   . . .      Faith    .   (no shield)
rNeg    . . .      Spirit   .   b - +0 robe
rPois   .          Reflect  .   c - +0 hat
rElec   .          Harm     .   (no cloak)
rCorr   .          Rampage  .   (no gloves)
Will    .....                   (no boots)
Stlth   ++........              (no amulet)
HPRegen 0.06/turn               d - +6 ring of intelligence
MPRegen 0.12/turn               (no ring)

@: no status effects
A: no striking features
a: no special abilities


You were on level 2 of the Dungeon.
You visited 1 branch of the dungeon, and saw 2 of its levels.

You collected 11 gold pieces.

Inventory:

Hand Weapons
 a - a +0 dagger (weapon)
Armour
 b - a +0 robe (worn)
 c - a +0 hat (worn)
Jewellery
 d - a +6 ring of intelligence (left hand)


   Skills:
 + Level 2.6 Dodging
 - Level 2.4 Stealth
 + Level 5.3 Spellcasting
 + Level 2.1 Conjurations
 + Level 1.1 Summonings
 + Level 1.1 Translocations


You had 3 spell levels left.
You knew the following spells:

 Your Spells              Type           Power      Damage    Failure   Level
a - Magic Dart            Conj           68%        1d6       3%          1
b - Blink                 Tloc           24%        N/A       7%          2
c - Conjure Flame         Conj/Fire      12%        6-21      14%         3
d - Mephitic Cloud        Conj/Pois/Air  10%        N/A       17%         3

Your spell library contained the following spells:

 Spells                   Type           Power      Damage    Failure   Level
 Call Imp                 Summ           12%        N/A       7%          2
 Slow                     Hex            24%        N/A       8%          1


Dungeon Overview and Level Annotations

Branches:
Dungeon (2/15)

Altars:


Message History

You finish memorising.
Spell assigned to 'c'.
This spell is extremely dangerous to cast!
Memorise Mephitic Cloud, consuming 3 spell levels and leaving 3?
You start memorising the spell.
You continue memorising. x3
You finish memorising.
Spell assigned to 'd'.
There is a stone staircase leading up here.
You climb upwards.
There is a stone staircase leading down here.
You start resting.
Magic restored.
Okay, then.
There is a stone staircase leading down here.
You can't go down here!
There is a stone staircase leading down here.
You climb downwards.
There is a stone staircase leading up here.
An orc comes into view. It is wielding a +0 whip.
An orc is nearby!
An orc is nearby!
The magic dart hits the orc but does no damage.
The orc shouts!
An orc priest comes into view. It is wielding a +0 trident.
The magic dart hits the orc but does no damage.
You hear a shout!
An orc comes into view. It is wielding a +0 flail.
You hear a shout!
The magic dart hits the orc.
The orc is moderately wounded.
The orc priest begins to cast a cantrip, but forgets the words!
You hear a shout!
The magic dart hits the orc.
The orc is severely wounded.
The orc hits you with a +0 whip.
An orc comes into view. It is wielding a +0 mace of protection.
There is a stone staircase leading up here.
The orc hits you with a +0 whip.
The orc priest mumbles some strange prayers to Beogh against you.
Beogh smites you!
Ouch! That really hurt!
You die...

###
#@#
#o#
#o#
#o#
#o#
..#
.###
..
#####
..


You could see an orc priest and 3 orcs.

Vanquished Creatures
  An adder (D:2)
  2 endoplasms
  5 goblins (D:1)
  A hobgoblin (D:1)
  3 kobolds
  A quokka (D:1)
  2 ball pythons (D:1)
  A bat (D:1)
  A frilled lizard (D:1)
  3 rats (D:1)
20 creatures vanquished.

Notes
Turn   | Place    | Note
-------+----------+-------------------------------------------
     0 | D:1      | H0rd4k the Deep Elf Hedge Wizard began the quest for the
                  | Orb.
     0 | D:1      | Reached XP level 1. HP: 10/10 MP: 7/7
   470 | D:1      | Reached skill level 5 in Spellcasting
   482 | D:1      | Reached XP level 2. HP: 15/15 MP: 6/10
   873 | D:2      | Reached XP level 3. HP: 19/19 MP: 2/11
   876 | D:2      | Learned a level 2 spell: Blink
   880 | D:2      | Learned a level 3 spell: Conjure Flame
   884 | D:2      | Learned a level 3 spell: Mephitic Cloud
   960 | D:2      | Killed from afar by an orc priest

Illustrated notes

Levels and vault maps discovered:
D:1:      lightli_arrival_statue_moat, layout_rooms
D:2:      layout_basic

Skill      XL: |  1  2 |
---------------+-------+-----
Spellcasting   | 5 |  5.3
Conjurations   | 2 |  2.1
Dodging        | |  2.6
Stealth        | |  2.4
Summonings     | |  1.1
Translocations | |  1.1

Action                   || total
-------------------------++-------
 Cast: Magic Dart        ||    46
Armor: Robe              ||     1
Dodge: Dodged            ||     1
